 Dungeon Crawl Stone Soup version 0.27.0-1-g7a089689b8 (webtiles) character file.

Game seed: 6460123627405736811

5 avis the Grasshopper (level 1, 0/9 HPs)
             Began as a Felid Warper on Aug 6, 2021.
             Slain by a rat (2 damage)
             ... on level 1 of the Dungeon.
             The game lasted 00:02:05 (633 turns).

avis the Grasshopper (Felid Warper)                  Turns: 633, Time: 00:02:05

Health: 0/9        AC:  1    Str:  7    XL:     1   Next: 66%
Magic:  4/4        EV: 17    Int: 14    God:
Gold:   0          SH:  0    Dex: 15    Spells: 4/4 levels left
                                        Lives:  0   Deaths: 0

rFire    . . .     SeeInvis +     - Unarmed
rCold    . . .     Faith    .   (shield unavailable)
rNeg     . . .     Spirit   .   (armour unavailable)
rPois    .         Reflect  .   (helmet unavailable)
rElec    .         Harm     .   (cloak unavailable)
rCorr    .         Rampage  .   (gloves unavailable)
Will     .....                  (boots unavailable)
Stlth    +.........             b - amulet of magic regeneration
HPRegen  0.03/turn              (no ring)
MPRegen  0.34/turn              (no ring)

@: quick
A: very small, claws 1, fangs 3, see invisible, speed 1, shaggy fur 1, stealthy
paws, no weapons or thrown items, no armour, multi-lived
a: no special abilities


You were on level 1 of the Dungeon.
You visited 1 branch of the dungeon, and saw 2 of its levels.

Inventory:

Missiles
 c - 16 arrows
Jewellery
 b - an amulet of magic regeneration (around neck)
Scrolls
 a - 3 scrolls of blinking
Potions
 d - 2 potions of lignification {unknown}


   Skills:
 - Level 2.0 Fighting
 - Level 3.2 Dodging
 * Level 2.5 Unarmed Combat
 - Level 2.0 Spellcasting
 - Level 4.4 Translocations


You had 4 spell levels left.
You didn't know any spells.
Your spell library contained the following spells:

 Spells                   Type           Power      Damage    Failure   Level
 Blink                    Tloc           N/A        N/A       6%          2
 Gell's Gravitas          Tloc           6%         N/A       12%         3
 Lesser Beckoning         Tloc           6%         N/A       12%         3
 Teleport Other           Tloc           13%        N/A       12%         3
 Manifold Assault         Tloc           13%        N/A       73%         5


Dungeon Overview and Level Annotations

Branches:
Dungeon (2/15)

Altars:


Innate Abilities, Weirdness & Mutations

You have sharp claws.
You have razor-sharp teeth.
You have supernaturally acute eyesight. (SInv)
You cover ground quickly. (Speed+)
You are covered in fur. (AC +1)
Your paws help you pounce on unaware monsters.
You are incapable of wielding weapons or throwing items.
You cannot wear armour.
You gain extra lives every three experience levels.


Message History

You kill the rat!
You start waiting.
Done waiting.
You see here a rat corpse.
A bat comes into view.
You scratch the bat.
The bat is severely wounded.
The bat barely misses you. x2
You scratch the bat.
You kill the bat!
Found a stone staircase leading down and a stone staircase leading up.
A bat comes into view.
The bat moves out of view.
There is a stone staircase leading up here.
You climb upwards.
There is a stone staircase leading down here.
An endoplasm is nearby!
The endoplasm quivers.
You barely miss the endoplasm. The endoplasm barely misses you.
You scratch the endoplasm. Your bite misses the endoplasm.
The endoplasm is moderately wounded.
The endoplasm completely misses you.
You barely miss the endoplasm.
The endoplasm is moderately wounded.
The endoplasm hits you.
You completely miss the endoplasm.
The endoplasm is moderately wounded.
The endoplasm hits you.
You scratch the endoplasm.
The endoplasm is heavily wounded.
The endoplasm misses you.
You scratch the endoplasm.
The endoplasm is severely wounded.
The endoplasm hits you.
* * * LOW HITPOINT WARNING * * *
Found 22 bolts.
The rat bites you.
* * * LOW HITPOINT WARNING * * *
The rat bites you.
You die...

......##...######
..##.##.#.......
##.##......######
###..##.###.##
#.......# #.#
#...#.### #.#
##..#.# #.#
#r.#.# #.# #@.#J#
#.# #..#.#####.#
#..#...J.#.#
#..#####.#J# (...
#.#.# .....
##J#.# ####.....
#....#
........##..###
#J# #..#


You could see a rat.

Vanquished Creatures
  A giant cockroach (D:1)
  A hobgoblin (D:1)
  A bat (D:2)
  A kobold (D:1)
  2 rats
6 creatures vanquished.

Vanquished Creatures (others)
  A fungus (D:2)
  A plant (D:2)
2 creatures vanquished.

Grand Total: 8 creatures vanquished

Notes
Turn   | Place    | Note
-------+----------+-------------------------------------------
     0 | D:1      | avis the Felid Warper began the quest for the Orb.
     0 | D:1      | Reached XP level 1. HP: 9/9 MP: 4/4
   414 | D:1      | You fall into a shaft and drop 1 floor!
   633 | D:1      | Slain by a rat

Illustrated notes

Levels and vault maps discovered:
D:1:      co_arrival_random_square_maze, layout_loops_ring,
          hangedman_glass_teeth, minmay_split_cup_large
D:2:      layout_rooms, shapermc_ecumenical_altar_mp_urbaneastern, uniq_natasha

Action                   || total
-------------------------++-------
Melee: Unarmed           ||    22
       Bite              ||     1
Armor: Skin              ||     1
Dodge: Dodged            ||    10
